 Dungeon Crawl Stone Soup version 0.24-a0-653-g3936067ed8 (webtiles) character file.

Game seed: 3052477294239976210, levelgen mode: deterministic

58 MisterOstroum the Vexing (level 4, 0/33 HPs)
             Began as a Human Enchanter on Sept 27, 2019.
             Succumbed to an adder's poison
             ... on level 2 of the Dungeon.
             The game lasted 00:05:01 (1223 turns).

MisterOstroum the Vexing (Human Enchanter)          Turns: 1223, Time: 00:05:02

Health: 0/33       AC:  2    Str:  9    XL:     4   Next: 20%
Magic:  0/7        EV: 12    Int: 21    God:
Gold:   136        SH:  0    Dex: 13    Spells: 1/7 levels left

rFire    . . .     SeeInvis .   s - +2 dagger (speed)
rCold    . . .     Gourm    .   (no shield)
rNeg     . . .     Faith    .   b - +0 robe
rPois    .         Spirit   .   (no helmet)
rElec    .         Reflect  .   (no cloak)
rCorr    .         Harm     .   (no gloves)
MR       .....                  (no boots)
Stlth    ++........             (no amulet)
HPRegen  0.11/turn              (no ring)
MPRegen  0.10/turn              (no ring)

@: brilliant, lethally poisoned (0 -> -2), flying, very slightly contaminated
A: no striking features
a: no special abilities


You were on level 2 of the Dungeon.
You were very hungry.

You visited 1 branch of the dungeon, and saw 4 of its levels.

You collected 136 gold pieces.

Inventory:

Hand Weapons
 a - a +1 dagger
 s - a +2 dagger of speed (weapon)
Missiles
 d - 30 poisoned darts (quivered)
 g - 30 stones
 i - 13 bolts
 j - 58 arrows
Armour
 b - a +0 robe (worn)
 o - a cursed +0 buckler
Jewellery
 l - an uncursed ring of see invisible {unknown}
 r - an uncursed ring of protection from cold {unknown}
Scrolls
 f - a scroll of immolation {unknown}
 m - a scroll of blinking {unknown}
 p - a scroll of identify {unknown}
 q - a scroll of teleportation {unknown}
Potions
 c - a potion of flight
 n - a potion of brilliance
Comestibles
 e - 4 rations
 k - 4 chunks of flesh


   Skills:
 - Level 2.1 Fighting
 - Level 2.0 Short Blades
 - Level 2.0 Dodging
 - Level 3.0 Stealth
 - Level 2.0 Spellcasting
 + Level 3.2 Hexes
 * Level 1.3 Ice Magic


You had one spell level left.
You knew the following spells:

 Your Spells              Type           Power        Failure   Level  Hunger
a - Corona                Hex            ####...      1%          1    #......
b - Ensorcelled Hibernat  Hex/Ice        ###...       1%          2    ##.....
c - Confuse               Hex            ####....     1%          3    ###....

Your spell library contained the following spells:

 Spells                   Type           Power        Failure   Level  Hunger
 Tukima's Dance           Hex            ####....     1%          3    ###....
 Dazzling Spray           Conj/Hex       ###...       2%          3    ###....


Dungeon Overview and Level Annotations

Branches:
Dungeon (4/15)
 Temple: D:4-7

Altars:
Dithmenos
Gozag
Yredelemnul


Message History

A giant cockroach and a hobgoblin come into view.
You feel sick.
The hobgoblin shouts!
The giant cockroach misses you.
The giant cockroach bites you but does no damage.
Found 21 stones.
You feel sick. The hobgoblin barely misses you.
A leopard gecko comes into view.
The giant cockroach bites you but does no damage.
The hobgoblin hits you but does no damage.
You feel sick.
The giant cockroach bites you but does no damage.
Found 15 bolts.
The giant cockroach bites you but does no damage.
The adder bites you.
You are more poisoned.
The adder poisons you! The hobgoblin hits you with a +0 club.
* * * LOW HITPOINT WARNING * * *
The giant cockroach barely misses you.
There is a stone staircase leading up, spattered with blood here.
You feel sick.
The leopard gecko hisses angrily.
The adder closely misses you.
The giant cockroach bites you but does no damage.
The hobgoblin hits you with a +0 club.
* * * LOW HITPOINT WARNING * * *
You climb upwards.
There is a stone staircase leading down here.
Casting: Confuse (safe; 17% risk of failure)
Confirm with . or Enter, or press ? or * to list all spells.
Aiming: Ensorcelled Hibernation (safe; 14% risk of failure)
Press: ? - help, Shift-Dir - straight line, f - adder
Aim: an adder (chance to defeat MR: 49%)
You miscast Ensorcelled Hibernation.
You are very lightly contaminated with residual magic.
You feel a strange surge of energy!
* * * LOW HITPOINT WARNING * * *
You feel sick. The adder bites you.
* * * LOW HITPOINT WARNING * * *
The giant cockroach closely misses you. The adder barely misses you.
It was a potion of flight.
You feel very buoyant.
You fly up into the air.
The giant cockroach closely misses you. The adder misses you.
It was a potion of brilliance.
You feel clever all of a sudden.
* * * LOW HITPOINT WARNING * * *
You feel sick. The giant cockroach barely misses you. The adder misses you.
It was a potion of magic.
Magic courses through your body.
The giant cockroach bites you but does no damage.
The adder barely misses you. The giant cockroach barely misses you.
Casting: Ensorcelled Hibernation (safe; 1% risk of failure)
Confirm with . or Enter, or press ? or * to list all spells.
Aiming: Confuse (safe; 1% risk of failure)
Press: ? - help, Shift-Dir - straight line, f/p - adder
Aim: an adder (chance to defeat MR: 65%)
Okay, then.
Unknown command.
Casting: Confuse (safe; 1% risk of failure)
Confirm with . or Enter, or press ? or * to list all spells.
Aiming: Ensorcelled Hibernation (safe; 1% risk of failure)
Press: ? - help, Shift-Dir - straight line, f/p - adder
Aim: an adder (chance to defeat MR: 62%)
The adder looks drowsy...
The giant cockroach closely misses you.
You are feeling very hungry.
The helpless adder fails to defend itself.
You puncture the adder!
You kill the adder!
Your Ice Magic skill increases to level 1!
You have reached level 4!
You feel stronger.
* * * LOW HITPOINT WARNING * * *
You feel sick.
Unknown command.
Unknown command.
You are brilliant.
You are lethally poisoned (1 -> -2).
You are flying.
You are very lightly contaminated with residual magic.
Your flying speed is average.
Your attack speed is quite fast.
Your base attributes are Str 9, Int 16, Dex 13.
Unknown command.
Casting: Ensorcelled Hibernation (safe; 1% risk of failure)
Confirm with . or Enter, or press ? or * to list all spells.
Aiming: Ensorcelled Hibernation (safe; 1% risk of failure)
Press: ? - help, Shift-Dir - straight line, f - giant cockroach
Aim: a giant cockroach (chance to defeat MR: 71%)
The giant cockroach looks drowsy...
The helpless giant cockroach fails to defend itself.
You puncture the giant cockroach!
You kill the giant cockroach!
The hobgoblin completely misses you.
Casting: Ensorcelled Hibernation (safe; 1% risk of failure)
Confirm with . or Enter, or press ? or * to list all spells.
Aiming: Ensorcelled Hibernation (safe; 1% risk of failure)
Press: ? - help, Shift-Dir - straight line, f - hobgoblin
Aim: a hobgoblin, wielding a +0 club (chance to defeat MR: 71%)
The hobgoblin looks drowsy...
The helpless hobgoblin fails to defend itself.
You puncture the hobgoblin!
You kill the hobgoblin!
You die...

## ### .. ..# .#
#.#
.##########.###
..............#
..............#
..............#
.##########'######
...............)@#
......÷........#†#
###########.#.##.#
## #.#.##.# .#
#.#.##.# .#######
#.# ##.# ...#..8#
..# #.# ......_#
.# #.# ...#..8#


There were no monsters in sight!

Vanquished Creatures
  3 adders (D:2)
  A dart slug (D:2)
  An orc (D:3)
  4 bats
  4 giant cockroaches
  A goblin (D:1)
  5 hobgoblins
  4 kobolds
  A frilled lizard (D:1)
  2 rats (D:1)
26 creatures vanquished.

Notes
Turn   | Place    | Note
-------+----------+-------------------------------------------
     0 | D:1      | MisterOstroum the Human Enchanter began the quest for the
                  | Orb.
     0 | D:1      | Reached XP level 1. HP: 13/13 MP: 3/3
   163 | D:1      | Reached skill level 1 in Fighting
   163 | D:1      | Reached XP level 2. HP: 21/21 MP: 5/5
   201 | D:1      | Learned a level 2 spell: Ensorcelled Hibernation
   775 | D:2      | Reached XP level 3. HP: 22/26 MP: 3/6
   780 | D:2      | Learned a level 3 spell: Confuse
   837 | D:2      | Found an opulent altar of Gozag.
  1120 | D:2      | You fall into a shaft and drop 2 floors!
  1170 | D:3      | Found a basalt altar of Yredelemnul.
  1177 | D:3      | Found a shadowy altar of Dithmenos.
  1216 | D:2      | HP: 1/27 [poisoned by an adder]
  1219 | D:2      | Reached skill level 1 in Ice Magic
  1219 | D:2      | Reached XP level 4. HP: 2/33 MP: 4/7
  1223 | D:2      | Succumbed to an adder's poison

Levels and vault maps discovered:
D:1:      tarquinn_simple_flora_water_d, layout_basic
D:2:      layout_basic, kiku_gazebo_garden_becter, grunt_gozag_breadcrumbs,
          first_ration
D:3:      layout_rooms, old_standard_altar, dancing_weapons_uskayaw,
          fedhas_altar_fruit_tree, yredelemnul_altar_generic
D:4:      layout_loops_ring, lemuel_crystal_altar, ebering_ghost_inner_flame,
          nicolae_ru_awakened_eye

Skill      XL: |  1  2  3 |
---------------+----------+-----
Fighting       | 1 2 |  2.1
Short Blades   | 2 |  2.0
Ice Magic      | 1 |  1.3
Dodging        | |  2.0
Stealth        | |  3.0
Spellcasting   | |  2.0
Hexes          | |  3.2

Action                   |  1- 3 |  4- 6 || total
-------------------------+-------+-------++-------
Melee: Dagger            |    61 |     2 ||    63
Throw: Dart              |     4 |       ||     4
 Cast: Corona            |     1 |       ||     1
       Ensorcelled Hiber |    10 |     2 ||    12
       Confuse           |     3 |       ||     3
  Use: Potion            |     3 |       ||     3
 Stab: Sleeping          |    14 |     2 ||    16
  Eat: Chunk             |     1 |       ||     1
Armor: Robe              |    21 |       ||    21
Dodge: Dodged            |    46 |     1 ||    47

Table legend:
 A = Non-vault XP
 B = Vault XP
 C = Vault XP percentage of total XP
 D = Non-vault monster count
 E = Vault monster count
 F = Vault count percentage of total count
                 A         B        C        D         E       F
            +---------+---------+-------+---------+---------+-------
      Total |      83 |       0 |   0.0 |      26 |       0 |   0.0
            +---------+---------+-------+---------+---------+-------
        D:1 |      26 |       0 |   0.0 |      15 |       0 |   0.0
        D:2 |      52 |       0 |   0.0 |       9 |       0 |   0.0
        D:3 |       5 |       0 |   0.0 |       2 |       0 |   0.0
            +---------+---------+-------+---------+---------+-------
